 Dungeon Crawl Stone Soup version 0.20.1-1-g8b1a95d (webtiles) character file.

447 Kingsmith the Blocker (level 6, -12/51 HPs)
             Began as a Minotaur Fighter on Dec 7, 2017.
             Killed by divine providence
             ... invoked by an orc priest
              (16 damage)
             ... on level 4 of the Dungeon.
             The game lasted 00:05:22 (2898 turns).

Kingsmith the Blocker (Minotaur Fighter)            Turns: 2898, Time: 00:05:23

Health: -12/51     AC:  6    Str: 22    XL:     6   Next: 73%
Magic:  5/5        EV:  8    Int:  5    God:
Gold:   200        SH: 11    Dex: 10    Spells: 5/5 levels left

rFire    . . .     SeeInvis .   a - +0 flail
rCold    . . .     Gourm    .   c - +0 shield
rNeg     . . .     Faith    .   b - +0 scale mail
rPois    .         Spirit   .   (helmet restricted)
rElec    .         Reflect  .   (no cloak)
rCorr    .         Harm     .   (no gloves)
MR       .....                  (no boots)
Stlth    ..........             (no amulet)
Regen    0.2/turn               (no ring)
MPRegen  0.1/turn               (no ring)

@: no status effects
A: retaliatory headbutt, horns 2
a: no special abilities


You were on level 4 of the Dungeon.
You were hungry.

You visited 1 branch of the dungeon, and saw 4 of its levels.

You collected 200 gold pieces.

Inventory:

Hand Weapons
 a - a +0 flail (weapon)
Missiles
 p - 24 arrows
 q - 20 bolts
Armour
 b - a +0 scale mail (worn)
 c - a +0 shield (worn)
 j - a +0 chain mail
 o - a +0 pair of gloves
 u - a +0 cloak
Scrolls
 m - a scroll of noise {unknown}
 r - a scroll of fog {unknown}
 t - 5 scrolls of identify {unknown}
 w - a scroll of remove curse {unknown}
 y - a scroll of enchant armour {unknown}
Potions
 d - a potion of might
 e - 2 potions of curing
 h - a potion of heal wounds {unknown}
 l - a potion of degeneration {unknown}
 n - 2 potions of flight {unknown}
 v - a potion of haste {unknown}
 x - a potion of cancellation {unknown}
Books
 s - Sif Muna's Disquisition on the Entourage
   (You found it on level 3 of the Dungeon)

   Spells                             Type                      Level
   a - Summon Butterflies             Summoning                    1
Comestibles
 f - 5 bread rations
 g - 2 fruits
 i - 4 meat rations
 k - a royal jelly


   Skills:
 - Level 3.6 Fighting
 - Level 2.4 Maces & Flails
 - Level 3.6 Armour
 + Level 9.2 Shields


You had 5 spell levels left.
You didn't know any spells.

Dungeon Overview and Level Annotations

Branches:
Dungeon (4/15)
 Temple: D:4-7

Altars:
Sif Muna


Innate Abilities, Weirdness & Mutations

You reflexively headbutt those who attack you in melee.
You have a pair of horns on your head.


Message History

Unknown command.
It was a potion of curing.
You feel better. You block the orc wizard's attack.
You block something's attack.
You sock the orc wizard! Your headbutt misses the orc wizard.
The orc wizard is severely wounded.
You hear some strange, mumbled words.
A puff of flame appears from out of thin air!
The puff of flame hits you!
* * * LOW HITPOINT WARNING * * *
The orc wizard hits you with a dagger.
* * * LOW HITPOINT WARNING * * *
Something hits you.
* * * LOW HITPOINT WARNING * * *
You thump the orc wizard!
You kill the orc wizard!
Something hits you.
* * * LOW HITPOINT WARNING * * *
The orc priest mumbles some strange prayers to Beogh against you.
Beogh smites you!
You die...

....###.###.#
###...[.....#
#####.##### #.#
#########.#
##.........#
##.#.###...########
.....o.oo..#
##.#.###.@># #####


You could see an orc priest and 2 orcs.

Vanquished Creatures
  The ghost of Tramtrist the Skirmisher, an amateur HuBe of Trog (D:3)
  3 orc wizards
  Terence (D:3)
  4 adders
  A gnoll (D:2)
  7 worms
  4 dart slugs
  A leopard gecko (D:1)
  6 orcs (D:3)
  2 ball pythons
  2 bats
  4 giant cockroaches
  7 goblins
  4 hobgoblins
  3 jackals (D:1)
  A quokka (D:3)
  2 frilled lizards
  A jackal skeleton (D:4)
  8 kobolds
  7 rats
69 creatures vanquished.

Notes
Turn   | Place    | Note
-------+----------+-------------------------------------------
     0 | D:1      | Kingsmith the Minotaur Fighter began the quest for the Orb.
     0 | D:1      | Reached XP level 1. HP: 19/19 MP: 0/0
   137 | D:1      | Reached skill level 4 in Shields
   148 | D:1      | Reached XP level 2. HP: 26/26 MP: 1/1
   534 | D:1      | Reached skill level 5 in Shields
   937 | D:2      | Reached XP level 3. HP: 30/31 MP: 2/2
  1548 | D:2      | Reached XP level 4. HP: 33/39 MP: 3/3
  1558 | D:2      | Reached skill level 6 in Shields
  1627 | D:3      | Noticed Tramtrist's ghost (amateur HuBe)
  1941 | D:3      | Found a deep blue altar of Sif Muna.
  2187 | D:3      | Noticed Terence
  2190 | D:3      | Killed Terence
  2190 | D:3      | Reached XP level 5. HP: 45/45 MP: 4/4
  2218 | D:3      | Reached skill level 7 in Shields
  2308 | D:3      | Killed Tramtrist's ghost
  2308 | D:3      | Reached skill level 8 in Shields
  2308 | D:3      | Reached XP level 6. HP: 31/51 MP: 5/5
  2560 | D:3      | Reached skill level 9 in Shields
  2561 | D:3      | Identified Sif Muna's Disquisition on the Entourage
  2898 | D:4      | Killed from afar by an orc priest

Skill      XL: |  1  2  3  4  5  6 |
---------------+-------------------+-----
Shields        | 4 5 6 8 9 |  9.2
Fighting       | |  3.6
Maces & Flails | |  2.4
Armour         | |  3.6

Action                   |  1- 3 |  4- 6 || total
-------------------------+-------+-------++-------
Melee: Flail             |   114 |   136 ||   250
       Headbutt          |    14 |    28 ||    42
  Use: Scroll            |       |     2 ||     2
       Potion            |       |     1 ||     1
  Eat: Chunk             |     2 |     4 ||     6
Armor: Scale mail        |    50 |    47 ||    97
Dodge: Dodged            |    36 |    26 ||    62
Block: Shield            |    72 |    66 ||   138
